 Dungeon Crawl Stone Soup version 0.24-a0-282-g1a68c91 (webtiles) character file.

Game seed: 12930937405694273920

370483 Mgcat the Severer (level 21, -24/185 HPs)
             Began as a Centaur Berserker on May 2, 2019.
             Was a High Priest of Trog.
             Killed from afar by a deep elf annihilator (35 damage)
             ... with an iron shot
             ... on level 3 of the Elven Halls.
             The game lasted 02:10:17 (49522 turns).

Mgcat the Severer (Centaur Berserker)              Turns: 49522, Time: 02:10:19

Health: -24/185    AC: 35    Str: 38    XL:     21   Next: 68%
Magic:  32/32      EV: 15    Int:  8    God:    Trog [*****.]
Gold:   3527       SH:  5    Dex: 11    Spells: 20/20 levels left

rFire    . . .     SeeInvis .   a - +8 battleaxe "Tyzosae" {chop, Str+6}
rCold    . . .     Gourm    .   (shield currently unavailable)
rNeg     . . .     Faith    .   e - +9 chain mail of Brilliance {rElec}
rPois    .         Spirit   .   I - +2 helmet
rElec    +         Reflect  +   D - +2 cloak {+Inv}
rCorr    .         Harm     .   O - +2 pair of gloves {Str+3}
MR       +....                  M - +3 centaur barding
Stlth    ..........             B - +5 amulet of reflection
HPRegen  0.40/turn              L - +5 ring of evasion
MPRegen  0.23/turn              s - +3 ring of strength

@: corroded, lightly drained, very quick
A: large, hooves 3, deformed body, speed 2, screaming 1, tough skin 3
}: 2/15 runes: serpentine, barnacled
a: Berserk, Trog's Hand, Brothers in Arms, Renounce Religion, Evoke Invisibility


You were on level 3 of the Elven Halls.
You worshipped Trog.
Trog was extremely pleased with you.
You were hungry.

You visited 7 branches of the dungeon, and saw 38 of its levels.
You visited the Abyss 1 time.
You also visited: Bailey, Gauntlet and Wizlab.

You collected 4358 gold pieces.
You spent 831 gold pieces at shops.

Inventory:

Hand Weapons
 a - the +8 battleaxe "Tyzosae" (weapon) {chop, Str+6}
   (You found it on level 11 of the Dungeon)

   It inflicts extra damage upon your enemies.
   It affects your strength (+6).
 g - a +4 antimagic war axe
   (Trog gifted it to you on level 4 of the Abyss)
 P - a +7 longbow of freezing
   (You took it off Nessos on level 5 of the Lair of Beasts)
Missiles
 f - 1765 arrows
 F - a throwing net {=f, !d}
Armour
 e - the +9 chain mail of Brilliance (worn) {rElec}
   (You found it on level 6 of the Dungeon)

   It insulates you from electricity.
 D - a +2 cloak of invisibility (worn)
   (You found it on level 5 of the Dungeon)
 I - a +2 helmet (worn)
   (You found it on level 1 of the Lair of Beasts)
 M - a +3 centaur barding (worn)
   (You took it off Nessos on level 5 of the Lair of Beasts)
 O - a +2 pair of gloves of strength (worn)
   (You bought it in a shop on level 2 of the Orcish Mines)
 R - a +2 pair of gloves of archery
   (You found it in a Gauntlet)
Jewellery
 j - an uncursed ring of positive energy {rN+}
   (You found it on level 6 of the Dungeon)
 n - an uncursed ring of flight {+Fly, !d}
   (You bought it in a shop on level 10 of the Dungeon)
 o - an uncursed ring of resist corrosion
   (You found it on level 9 of the Dungeon)
 s - a +3 ring of strength (right hand)
   (You found it on level 9 of the Dungeon)
 B - a +5 amulet of reflection (around neck)
   (You bought it in a shop on level 10 of the Dungeon)
 L - a +5 ring of evasion (left hand)
   (You found it on level 3 of the Lair of Beasts)
 V - an uncursed amulet of the gourmand {Gourm, !d}
   (You took it off a deep elf mage on level 2 of the Elven Halls)
Wands
 b - a wand of polymorph (3)
   (You found it on level 5 of the Lair of Beasts)
 k - a wand of scattershot (14)
   (You found it on level 12 of the Dungeon)
 T - a wand of acid (6)
   (You found it in a Gauntlet)
Scrolls
 p - 22 scrolls of teleportation
 u - 11 scrolls of identify
 w - a scroll of silence
 x - 4 scrolls of fear
 A - 7 scrolls of remove curse
 G - 7 scrolls of blinking {!r}
 H - 6 scrolls of fog
 W - a scroll of magic mapping {!r}
Potions
 d - 6 potions of lignification {!q}
 h - 4 potions of resistance
 i - 11 potions of curing
 l - 3 potions of ambrosia
 m - 9 potions of flight
 r - 4 potions of invisibility
 z - 6 potions of agility
 E - 2 potions of haste
 N - 3 potions of might
 Q - 5 potions of mutation {!q}
 S - a potion of cancellation
Miscellaneous
 q - a sack of spiders
 t - a lamp of fire
   (You found it on level 9 of the Dungeon)
 v - a crystal ball of energy
   (You found it on level 6 of the Lair of Beasts)
 y - a fan of gales
   (You found it on level 4 of the Shoals)
 C - a phial of floods
   (You found it on level 3 of the Lair of Beasts)
 J - a lightning rod (4/4)
   (You found it in a bailey)
 K - a box of beasts
Comestibles
 c - 49 rations


   Skills:
 + Level 15.6(15.0) Fighting
 + Level 20.0(19.4) Axes
   Level 3.0(2.6) Slings
 + Level 14.3(13.7) Bows
 + Level 12.1(11.5) Armour
 - Level 12.0(11.4) Dodging
   Level 2.0(1.6) Shields
 - Level 15.0(14.4) Evocations


You had 20 spell levels left.
You didn't know any spells.
Your spell library contained the following spells:

 Spells                   Type           Power        Failure   Level  Hunger
 Apportation              Tloc           #.....       77%         1    ##.....
 Confusing Touch          Hex            #.....       77%         1    ##.....
 Magic Dart               Conj           #...         77%         1    ##.....
 Sandblast                Erth           #.....       77%         1    ##.....
 Summon Butterflies       Summ           #.......     77%         1    ##.....
 Summon Small Mammal      Summ           #...         77%         1    ##.....
 Blink                    Tloc           N/A          88%         2    ###....
 Call Imp                 Summ           #.......     88%         2    ###....
 Passwall                 Tmut/Erth      #.......     88%         2    ###....
 Poisonous Vapours        Pois/Air       #.....       88%         2    ###....
 Slow                     Hex            #.......     88%         2    ###....
 Call Canine Familiar     Summ           #.......     98%         3    ####...
 Confuse                  Hex            #.......     98%         3    ####...
 Conjure Flame            Conj/Fire      #.......     98%         3    ####...
 Gell's Gravitas          Tloc           #.........   98%         3    ####...
 Lesser Beckoning         Tloc           #.........   98%         3    ####...
 Mephitic Cloud           Conj/Pois/Air  #.......     98%         3    ####...
 Stone Arrow              Conj/Erth      #.....       98%         3    ####...
 Summon Guardian Golem    Hex/Summ       #.......     98%         3    ####...
 Tukima's Dance           Hex            #.......     98%         3    ####...
 Cause Fear               Hex            #.........   100%        4    #####..
 Ice Form                 Ice/Tmut       #.......     100%        4    #####..
 Petrify                  Tmut/Erth      #.......     100%        4    #####..
 Summon Ice Beast         Ice/Summ       #.......     100%        4    #####..
 Summon Lightning Spire   Summ/Air       #.......     100%        4    #####..
 Alistair's Intoxication  Tmut/Pois      #.......     100%        5    ######.
 Bolt of Magma            Conj/Fire/Erth #.........   100%        5    ######.
 Iskenderun's Battlesphe  Conj/Chrm      #.......     100%        5    ######.
 Lee's Rapid Deconstruct  Erth           #.........   100%        5    ######.
 Metabolic Englaciation   Hex/Ice        #.........   100%        5    ######.
 Silence                  Hex/Air        #.........   100%        5    ######.
 Venom Bolt               Conj/Pois      #.........   100%        5    ######.
 Yara's Violent Unravell  Hex/Tmut       #.........   100%        5    ######.
 Bolt of Cold             Conj/Ice       #.........   100%        6    #######
 Deflect Missiles         Chrm/Air       #.........   100%        6    #######
 Freezing Cloud           Conj/Ice/Air   #.........   100%        6    #######
 Invisibility             Hex            #.......     100%        6    #######
 Iron Shot                Conj/Erth      #.........   100%        6    #######
 Ozocubu's Refrigeration  Ice            #.........   100%        6    #######
 Simulacrum               Ice/Necr       #.........   100%        6    #######
 Orb of Destruction       Conj           #.........   100%        7    #######
 Ring of Flames           Chrm/Fire      #.........   100%        7    #######
 Spellforged Servitor     Conj/Summ      #.........   100%        7    #######
 Discord                  Hex            #.........   100%        8    #######


Dungeon Overview and Level Annotations

Branches:
Dungeon (15/15)            Temple (0/1) D:4            Lair (6/6) D:8
 Shoals (4/4) Lair:2        Snake (4/4) Lair:3        Slime (0/5) Lair:6
    Orc (2/2) D:9             Elf (3/3) Orc:2        Vaults (4/5) D:14
  Crypt (0/3) Vaults:3     Depths (0/5) D:15

Altars:
Dithmenos
Fedhas
Gozag
Nemelex Xobeh
Ru
Sif Muna
Uskayaw
Vehumet
Wu Jian
The Shining One
Jiyva

Shops:
D:10 =   D:14 ?   Orc:2 [*}**   Elf:1 }   Elf:2 !   Shoals:4 (   Vaults:4 (

Annotations:
D:11 2 runed translucent doors, Borgoz's ghost, journeyman GrGl
Lair:6 exclusion: oklob plant
Shoals:2 exclusion: 4 krakens
Elf:2 2 runed translucent doors
Elf:3 2 runed translucent doors, 2 exclusions, Avack's ghost, veteran KoWz


Innate Abilities, Weirdness & Mutations

You have hooves in place of feet.
Armour fits poorly on your strangely shaped body.
You cover ground very quickly.
You have extremely tough skin. (AC +3)
You occasionally shout uncontrollably at your foes.


Message History

You take 1 damage, and have 59/185 hp.
You close the door.
You start resting.
You feel sick. x2
You hear a shout!
Your extra speed is starting to run out.
Unknown command.
Unknown command.
You start resting.
You feel sick.
Your troll rages.
You feel sick.
You feel yourself slow down.
You start resting.
Your troll rages.
You feel sick.
Your troll rages.
A large abomination comes into view.
Your troll bites the large abomination.
Your troll barely misses the large abomination.
Your troll claws the large abomination!
Unknown command.
Your troll bites the large abomination but does no damage.
Your troll claws the large abomination! x2
The large abomination hits your troll!
Your troll barely misses the large abomination.
Your troll claws the large abomination!
The large abomination is destroyed!
Trog accepts your kill. Something appears before you! Trog grants you a weapon!
Unknown command.
g - a runed war axe {god gift} You feel sick.
You take 1 damage, and have 60/185 hp.
You start resting.
You feel sick.
You are no longer poisoned.
Unknown command.
Unknown command.
You start resting.
Your troll rages.
You feel a little less agile now.
Your troll rages.
You regained 3 hp, and now have 64/185 hp.
Unknown command.
Unknown command.
You start resting.
Your troll is no longer berserk.
Your troll says, "Be careful!"
Your troll disappears in a puff of smoke!
A quasit comes into view.
You regained 15 hp, and now have 79/185 hp.
A quasit is nearby!
Unknown command.
The quasit gives a chilling moan.
You hear a chilling moan.
You block the quasit's attack.
The quasit claws you but does no damage.
The quasit barely misses you.
Unknown command.
You slice the quasit!!
You kill the quasit!
Trog accepts your kill.
You start resting. 2 raiju come into view.
You regained 12 hp, and now have 92/185 hp.
Unknown command.
Unknown command.
You open the door.
There is an open door here.
A bone dragon comes into view.
You close the door.
Found a corrupted altar of Lugonu.
Found 21 gold pieces.
Found a gateway leading out of the Abyss.
Unknown command.
There is a gateway leading out of the Abyss here.
You pass through the gate.
Welcome back to the Elven Halls!
Level annotation: 2 runed translucent doors, 2 exclusions, Avack's ghost, veteran KoWz The deep elf annihilator seems less brilliant. x3
The deep elf sorcerer seems less brilliant.
The deep elf archer seems less brilliant.
The deep elf mage seems less brilliant.
The deep elf archer seems less brilliant.
The deep elf annihilator points at you and mumbles some strange words.
The crystal spear hits you!! The deep elf mage closely misses you.
The deep elf sorcerer casts a spell at you.
The bolt of acid hits you!!!
* * * LOW HITPOINT WARNING * * *
The acid corrodes you!
You are splashed with acid!
* * * LOW HITPOINT WARNING * * *
The deep elf annihilator is empowered by the deep elf high priest's aura! x2
The deep elf sorcerer is empowered by the deep elf high priest's aura!
The deep elf archer is empowered by the deep elf high priest's aura!
The deep elf mage is empowered by the deep elf high priest's aura!
The deep elf archer is empowered by the deep elf high priest's aura!
A deep elf demonologist comes into view.
It is wielding a +0 short sword.
The deep elf annihilator gestures at you while chanting.
The iron shot hits you!!
You die...

#......#.## ###++######### #
#......+..###......# #
#.....##...###...### #
##...####......### # ##.###
##.###'############ #
##....####.#....e#....#...## #
#......'...+..e.......)....## #
#.....###..#..().....e#.....###
##...## #####e@e.#...##.....'..
##.## ##ee###.####....### ###
#'## ### #+#### # #e# #.## ## #e#
#..####. #.# ##...... *********
*#'##########.####.
,,,*,,,,*******....#......#.####.
,,,,,,,,,+,,**,...........#.#....


You could see 3 deep elf annihilators, a deep elf sorcerer, a deep elf
demonologist, 2 deep elf archers, a deep elf high priest and a deep elf mage.

Vanquished Creatures
  Frederick (Vaults:3)
  Nikola (Snake:1)
  2 krakens
  Frances (D:14)
  3 sphinxes (Vaults:3)
  2 ancient champions (Vaults:3)
  Kirke (Lair:5)
  A tentacled starspawn (Abyss:4)
  A shadow dragon (Vaults:3)
  A fire giant (Vaults:3)
  4 frost giants
  6 nagarajas
  7 vault wardens
  An emperor scorpion (shapeshifter) (Elf:1)
  12 ironheart preservers
  A very ugly thing (D:15)
  An entropy weaver (Vaults:1)
  9 stone giants
  Nessos (Lair:5)
  A deep elf demonologist (Elf:1)
  A minotaur (Gauntlet)
  2 deep elf annihilators (Elf:3)
  Snorg (Lair:5)
  3 deep elf death magi
  5 merfolk javelineers
  6 merfolk impalers (Shoals:4)
  3 fire dragons
  Josephine (D:11)
  11 yaktaur captains
  A deep elf high priest (Elf:1)
  Erolcha (D:11)
  A great orb of eyes (Vaults:2)
  2 ice dragons (Vaults:4)
  13 vault guards
  10 hydras
  An anaconda (shapeshifter) (Vaults:1)
  2 alligator snapping turtles (Shoals:4)
  3 rakshasas
  21 naga warriors
  7 merfolk avatars
  11 centaur warriors
  Erica (D:8)
  5 anacondas
  A catoblepas (Lair:6)
  3 merfolk aquamancers (Shoals:4)
  35 two-headed ogres
  12 ogre magi
  3 satyrs
  2 deep troll earth magi (Vaults:3)
  10 dancing weapons
  A vampire mage (Vaults:3)
  13 death yaks
  6 orc high priests (Orc:2)
  8 shock serpents
  15 deep elf knights
  10 naga sharpshooters
  3 shadow wraiths
  2 sixfirhies (Gauntlet)
  3 unseen horrors
  3 salamander mystics
  7 skeletal warriors
  5 wizards
  13 sea snakes
  19 ironbrand convokers
  A flayed ghost (Vaults:4)
  5 naga ritualists
  9 deep trolls
  9 deep elf archers
  A glowing orange brain (Vaults:2)
  33 harpies
  46 deep elf magi
  6 mana vipers
  An oklob plant (Lair:5)
  17 orc knights
  12 cyclopes
  A harpy (shapeshifter) (Vaults:2)
  A salamander (shapeshifter) (Vaults:4)
  13 ugly things
  2 wolf spiders
  3 orc sorcerers
  18 manticores
  A shining eye (shapeshifter) (D:12)
  12 salamanders
  An eye of devastation (Gauntlet)
  An elephant (shapeshifter) (Vaults:2)
  8 fauns
  19 vault sentinels
  2 guardian serpents
  7 merfolk sirens
  30 naga magi
  29 elephants
  37 black mambas
  7 water nymphs
  4 centaur skeletons
  A gargoyle (D:14)
  29 spiny frogs
  29 yaktaurs
  5 freezing wraiths
  A redback zombie (D:14)
  2 kobold demonologists
  4 komodo dragons
  A wandering mushroom (Lair:5)
  5 tyrant leeches (Lair:6)
  A meliai (shapeshifter) (Vaults:3)
  A wind drake (shapeshifter) (D:15)
  8 trolls
  23 merfolk
  A polar bear (shapeshifter) (Vaults:3)
  8 hornets
  3 wind drakes
  18 slime creatures
  12 hippogriffs
  10 dream sheep
  2 blink frogs (shapeshifter) (Vaults:4)
  7 snapping turtles
  25 blink frogs
  A snapping turtle (shapeshifter) (Vaults:4)
  A shadow (D:15)
  A stone giant simulacrum (Vaults:2)
  6 wraiths
  A redback (Vaults:2)
  6 water elementals
  A spriggan (shapeshifter) (Vaults:1)
  4 air elementals
  8 humans (D:14)
  28 yaks
  8 fire elementals
  4 basilisks
  A golden eye (Gauntlet)
  10 vampire mosquitoes
  2 fire bats (shapeshifter)
  2 hungry ghosts
  A hog (Lair:5)
  A steam dragon (D:12)
  4 wargs
  42 nagas
  3 acid dragons
  A hornet zombie (D:12)
  4 porcupines
  9 water moccasins
  43 orc warriors
  2 soldier ants (D:14)
  3 hell hounds (Snake:1)
  A floating eye (Gauntlet)
  2 sky beasts
  3 black bears
  An eye of draining (D:8)
  2 ice beasts
  4 phantoms
  12 wolves
  14 centaurs
  26 ogres
  14 boggarts
  10 crocodiles
  2 big kobolds
  38 bullfrogs
  A gnoll sergeant (D:9)
  An earth elemental (Elf:1)
  2 water moccasin skeletons
  2 killer bees
  5 scorpions
  11 wights
  An electric eel (Lair:3)
  3 howler monkeys
  7 crimson imps
  2 quasits
  7 bullfrog zombies
  8 centaur zombies
  9 hounds
  2 gnoll shamans
  3 jellies
  28 orc priests
  2 bullfrog skeletons
  14 orc wizards
  6 iguanas
  Natasha (thrice) (D:3)
  8 worker ants
  A hound zombie (D:5)
  3 hound skeletons
  A worker ant zombie (D:10)
  20 gnolls
  10 adders
  A howler monkey skeleton (D:7)
  A river rat (D:8)
  4 shadow imps
  2 oozes
  An adder skeleton (D:4)
  A worm (D:2)
  A dart slug (D:1)
  8 leopard geckos
  92 orcs
  3 bats
  4 giant cockroaches
  8 goblins
  5 hobgoblins
  22 jackals
  7 quokkas
  A ball python (D:3)
  4 frilled lizards
  A giant cockroach zombie (D:6)
  12 kobolds
  2 leopard gecko skeletons
  2 quokka skeletons (D:5)
  8 rats
  2 crawling corpses (Vaults:3)
  12 fungi
  6 plants
  A starspawn tentacle (Abyss:4)
  7 tentacles
1579 creatures vanquished.

Vanquished Creatures (collateral kills)
  A nagaraja (Snake:4)
  A vault warden (Vaults:2)
  An entropy weaver (Vaults:2)
  Azrael (Snake:1)
  An ogre mage (Vaults:2)
  A hydra (D:11)
  3 vault guards (Vaults:2)
  3 two-headed ogres (Vaults:2)
  A deep elf knight (Vaults:2)
  A salamander mystic (Snake:2)
  2 deep trolls (Vaults:4)
  An ironbrand convoker (Vaults:2)
  2 oklob plants (Lair:5)
  3 salamanders (Snake:2)
  A large abomination (Abyss:4)
  2 black mambas (Snake:4)
  2 naga magi (Snake:4)
  A vault sentinel (Vaults:2)
  A rime drake (shapeshifter) (Vaults:2)
  A raiju (shapeshifter) (Vaults:2)
  3 redbacks (Vaults:2)
  A wraith (D:11)
  3 nagas (Snake:4)
  A water moccasin (D:11)
  An ogre (D:8)
  A wolf (D:8)
  A centaur (D:11)
  A bullfrog (D:11)
  2 hounds (D:8)
  An adder (D:11)
  An adder skeleton (D:8)
  An orc (D:11)
47 creatures vanquished.

Vanquished Creatures (others)
  A merfolk aquamancer (Shoals:4)
  An unseen horror (D:11)
  2 fauns
  3 humans
  A centaur (Shoals:4)
  A wight (D:12)
  A worker ant (D:11)
  3 kobolds (Bailey)
  25 fungi
  74 plants
  2 starspawn tentacles (Abyss:4)
  13 tentacles
127 creatures vanquished.

Grand Total: 1753 creatures vanquished

Notes
Turn   | Place    | Note
-------+----------+-------------------------------------------
     0 | D:1      | Mgcat the Centaur Berserker began the quest for the Orb.
     0 | D:1      | Reached XP level 1. HP: 19/19 MP: 1/1
   225 | D:1      | Reached skill level 3 in Axes
   396 | D:1      | Reached XP level 2. HP: 19/26 MP: 2/2
  1056 | D:2      | Reached XP level 3. HP: 31/31 MP: 3/3
  1159 | D:2      | Found an opulent altar of Gozag.
  1380 | D:2      | Reached ** piety under Trog
  1414 | D:2      | Reached skill level 4 in Fighting
  1414 | D:2      | Reached XP level 4. HP: 40/40 MP: 4/4
  1500 | D:2      | Reached skill level 1 in Slings
  1947 | D:3      | Found a blossoming altar of Fedhas.
  2178 | D:3      | Noticed Natasha
  2352 | D:3      | Reached skill level 4 in Axes
  2399 | D:3      | Killed Natasha
  2399 | D:3      | Reached XP level 5. HP: 47/47 MP: 5/5
  2567 | D:3      | Reached skill level 2 in Slings
  2595 | D:3      | Noticed Natasha
  2607 | D:3      | Killed Natasha
  2944 | D:3      | Noticed Natasha
  2951 | D:3      | Killed Natasha
  2951 | D:3      | Reached XP level 6. HP: 55/55 MP: 6/6
  3162 | D:4      | Reached skill level 3 in Slings
  3288 | D:4      | Found a staircase to the Ecumenical Temple.
  3366 | D:4      | Reached skill level 5 in Fighting
  4029 | D:5      | Entered Level 5 of the Dungeon
  4038 | D:5      | Reached skill level 5 in Axes
  4049 | D:5      | Reached *** piety under Trog
  4227 | D:5      | Reached skill level 1 in Shields
  4271 | D:5      | Reached XP level 7. HP: 61/61 MP: 7/7
  4493 | D:5      | Found an ornate altar of the Wu Jian Council.
  4600 | D:5      | Received a gift from Trog
  4621 | D:5      | Reached skill level 1 in Evocations
  4628 | D:5      | Reached skill level 6 in Axes
  4817 | D:5      | Reached skill level 2 in Shields
  5485 | D:6      | Reached skill level 1 in Bows
  5751 | D:6      | Noticed Sigmund
  5752 | D:6      | Noticed Sigmund
  5752 | D:6      | Sigmund changed into Sigmund the killer bee
  5755 | D:6      | Noticed Eustachio
  5756 | D:6      | Killed Sigmund the killer bee
  5756 | D:6      | Reached skill level 2 in Evocations
  5756 | D:6      | Reached XP level 8. HP: 68/68 MP: 9/9
  5761 | D:6      | Noticed Eustachio
  5761 | D:6      | Eustachio changed into Eustachio the hound
  5773 | D:6      | Killed Eustachio the hound
  5848 | D:6      | Reached skill level 2 in Bows
  5857 | D:6      | Noticed a +0 hand axe
  5858 | D:6      | Noticed a +0 hand axe
  5881 | D:6      | HP: 11/68 [iguana (9)]
  6101 | D:6      | Found a hide-covered altar of Uskayaw.
  6114 | D:6      | Found a sparkling altar of Nemelex Xobeh.
  6125 | D:6      | Noticed Edmund
  6126 | D:6      | Noticed Edmund
  6126 | D:6      | Edmund changed into Edmund the crocodile
  6139 | D:6      | Killed Edmund the crocodile
  6139 | D:6      | Reached skill level 7 in Axes
  6256 | D:6      | Reached skill level 3 in Bows
  6262 | D:6      | Got a fine chain mail
  6273 | D:6      | Identified the +9 chain mail of Brilliance {rElec} (You
                  | found it on level 6 of the Dungeon)
  6520 | D:7      | Received a gift from Trog
  6521 | D:7      | Reached skill level 3 in Evocations
  6584 | D:7      | Reached skill level 4 in Bows
  6584 | D:7      | Reached skill level 2 in Armour
  6632 | D:7      | Reached **** piety under Trog
  6644 | D:7      | Found a glowing golden altar of the Shining One.
  6654 | D:7      | Found a radiant altar of Vehumet.
  6692 | D:7      | Reached XP level 9. HP: 73/74 MP: 11/11
  6747 | D:7      | Reached skill level 8 in Axes
  7133 | D:8      | Reached skill level 5 in Bows
  7154 | D:8      | Reached skill level 4 in Evocations
  7262 | D:8      | Received a gift from Trog
  7266 | D:8      | Reached skill level 3 in Armour
  7406 | D:8      | Reached skill level 6 in Bows
  7428 | D:8      | Found a staircase to the Lair.
  7552 | D:8      | Reached skill level 9 in Axes
  7595 | D:8      | Noticed Erica
  7603 | D:8      | Killed Erica
  7603 | D:8      | Reached skill level 5 in Evocations
  7603 | D:8      | Reached XP level 10. HP: 81/81 MP: 13/13
  7802 | D:8      | Reached skill level 7 in Bows
  7885 | D:8      | Reached ***** piety under Trog
  8070 | D:8      | Reached skill level 4 in Armour
  8306 | D:9      | Noticed a two-headed ogre
  8315 | D:9      | Killed a two-headed ogre
  8315 | D:9      | Reached skill level 10 in Axes
  8472 | D:9      | Found a staircase to the Orcish Mines.
  8485 | D:9      | Reached skill level 8 in Bows
  8523 | D:9      | Received a gift from Trog
  8790 | D:10     | Entered Level 10 of the Dungeon
  8821 | D:10     | Found Veice's Jewellery Emporium.
  8828 | D:10     | Bought a +5 amulet of reflection for 453 gold pieces
  9425 | D:11     | Noticed a red ugly thing
  9433 | D:11     | Killed a red ugly thing
  9451 | D:11     | Got a steaming battleaxe
  9452 | D:11     | Identified the +8 battleaxe "Tyzosae" {chop, Str+6} (You
                  | found it on level 11 of the Dungeon)
  9468 | D:11     | Noticed a two-headed ogre
  9469 | D:11     | Found a large runed translucent door.
  9469 | D:11     | Found a large runed translucent door.
  9473 | D:11     | Killed a two-headed ogre
  9473 | D:11     | Reached skill level 5 in Armour
  9585 | D:11     | Found a flagged portal.
  9603 | D:11     | Reached skill level 9 in Bows
  9603 | D:11     | Reached XP level 11. HP: 74/86 MP: 14/14
  9603 | D:11     | Noticed Erolcha
  9609 | D:11     | Killed Erolcha
  9609 | D:11     | Reached skill level 11 in Axes
  9629 | Bailey   | Entered a bailey
  9718 | Bailey   | Received a gift from Trog
  9841 | D:11     | Found a shadowy altar of Dithmenos.
  9900 | D:11     | Noticed Josephine
  9902 | D:11     | Killed an unseen horror
  9903 | D:11     | Noticed a five-headed hydra
  9931 | D:11     | Received a gift from Trog
  9935 | D:11     | Reached skill level 10 in Bows
  9938 | D:11     | Killed a five-headed hydra
  9947 | D:11     | Killed Josephine
  9947 | D:11     | Reached skill level 12 in Axes
 10262 | D:11     | Noticed Borgoz's ghost (journeyman GrGl)
 10539 | Lair:1   | Entered Level 1 of the Lair of Beasts
 10898 | Lair:1   | Received a gift from Trog
 10907 | Lair:1   | Reached skill level 11 in Bows
 10940 | Lair:1   | Noticed a four-headed hydra
 10953 | Lair:1   | Killed an eight-headed hydra
 11710 | Lair:2   | Reached XP level 12. HP: 94/94 MP: 15/15
 11763 | Lair:2   | Reached skill level 13 in Axes
 11859 | Lair:2   | Noticed a four-headed hydra
 11863 | Lair:2   | Noticed a six-headed hydra
 11868 | Lair:2   | Killed a six-headed hydra
 11872 | Lair:2   | Killed an eight-headed hydra
 11872 | Lair:2   | Reached skill level 12 in Bows
 12120 | Lair:2   | Found a staircase to the Shoals.
 12404 | Lair:3   | Found a staircase to the Snake Pit.
 12435 | Lair:3   | Noticed a five-headed hydra
 12443 | Lair:3   | Killed a seven-headed hydra
 12443 | Lair:3   | Received a gift from Trog
 12819 | Lair:3   | Reached skill level 14 in Axes
 12950 | Lair:3   | Reached skill level 13 in Bows
 13361 | Lair:4   | Noticed an eight-headed hydra
 13370 | Lair:4   | Killed a 12-headed hydra
 13612 | Lair:4   | Reached skill level 14 in Bows
 13615 | Lair:4   | Reached skill level 6 in Evocations
 13617 | Lair:4   | Received a gift from Trog
 13623 | Lair:4   | Reached XP level 13. HP: 100/100 MP: 17/17
 13761 | Lair:4   | Reached skill level 7 in Evocations
 14181 | Lair:5   | Noticed Snorg
 14189 | Lair:5   | Killed Snorg
 14190 | Lair:5   | Reached skill level 8 in Evocations
 14481 | Lair:5   | Reached skill level 2 in Dodging
 14526 | Lair:5   | Reached skill level 6 in Fighting
 14585 | Lair:5   | Reached skill level 3 in Dodging
 14867 | Lair:5   | Noticed Nessos
 14878 | Lair:5   | Killed Nessos
 15046 | Lair:5   | Noticed Kirke
 15061 | Lair:5   | Killed Kirke
 15061 | Lair:5   | Reached skill level 7 in Fighting
 15093 | Lair:5   | Reached skill level 4 in Dodging
 15695 | Lair:5   | HP: 23/105 [acid (15)]
 16484 | Lair:6   | Entered Level 6 of the Lair of Beasts
 16499 | Lair:6   | Reached XP level 14. HP: 114/114 MP: 20/20
 16503 | Lair:6   | Reached skill level 8 in Fighting
 16657 | Lair:6   | Reached skill level 5 in Dodging
 16888 | Lair:6   | Found a sacrificial altar of Ru.
 16903 | Lair:6   | Received a gift from Trog
 16997 | Lair:6   | Reached skill level 9 in Fighting
 16999 | Lair:6   | Reached skill level 15 in Axes
 17202 | Lair:6   | Received a gift from Trog
 17792 | Lair:6   | Received a gift from Trog
 17967 | Lair:6   | Reached skill level 10 in Fighting
 18076 | Lair:6   | Got bloodstained pearl dragon scales
 18077 | Lair:6   | Identified the +4 pearl dragon scales of Lies {rC++ rN+}
                  | (You found it on level 6 of the Lair of Beasts)
 18088 | Lair:6   | Found a staircase to the Slime Pits.
 18088 | Lair:6   | Found a viscous altar of Jiyva.
 18391 | Lair:6   | Reached skill level 16 in Axes
 18667 | Lair:6   | Got a shimmering cloak
 18668 | Lair:6   | Identified the +2 cloak "Onarocs" {Int-5 Dex+5 Slay+3} (You
                  | found it on level 6 of the Lair of Beasts)
 19056 | Orc:1    | Entered Level 1 of the Orcish Mines
 19392 | Orc:2    | Entered Level 2 of the Orcish Mines
 19423 | Orc:2    | Found Ruck's Armour Shop.
 19431 | Orc:2    | Bought a +0 pair of gloves of strength for 126 gold pieces
 19452 | Orc:2    | Noticed Sonja
 19453 | Orc:2    | Noticed Sonja
 19453 | Orc:2    | Sonja changed into Sonja the hornet
 19459 | Orc:2    | Killed Sonja the hornet
 19832 | Orc:2    | Received a gift from Trog
 19836 | Orc:2    | Reached XP level 15. HP: 70/126 MP: 21/21
 20214 | Orc:2    | Found a staircase to the Elven Halls.
 20509 | Orc:2    | Received a gift from Trog
 20558 | Orc:2    | Reached skill level 17 in Axes
 20868 | Orc:2    | Found Pecvirhu's Assorted Antiques.
 20871 | Orc:2    | Found Leckathecu's Gadget Boutique.
 20872 | Orc:2    | Found Lutoerr's General Store.
 20873 | Orc:2    | Found Iwucouva's General Store.
 21039 | D:12     | Gained mutation: You occasionally shout uncontrollably at
                  | your foes. [a shining eye]
 21312 | D:12     | Got an encrusted chain mail
 21313 | D:12     | Identified the cursed +1 chain mail "Apluucaf" {rElec rPois
                  | rCorr Int+4} (You found it on level 12 of the Dungeon)
 21864 | D:13     | Found a frozen archway.
 22021 | D:13     | Found a gate leading to a gauntlet.
 22029 | Gauntlet | Entered a Gauntlet
 22029 | Gauntlet | Found a transporter.
 22039 | Gauntlet | Found a transporter.
 22053 | Gauntlet | Found a transporter.
 22058 | Gauntlet | Found a transporter.
 22073 | Gauntlet | Found a transporter.
 22092 | Gauntlet | Found a transporter.
 22104 | Gauntlet | Found a transporter.
 22116 | Gauntlet | Found a transporter.
 22124 | Gauntlet | Found a large runed translucent door.
 22125 | Gauntlet | Found a large runed translucent door.
 22126 | Gauntlet | Found a large runed translucent door.
 22126 | Gauntlet | Found a large runed translucent door.
 22127 | Gauntlet | Found a runed translucent gate.
 22128 | Gauntlet | Found a transporter.
 22128 | Gauntlet | Found a runed translucent gate.
 22129 | Gauntlet | Found a runed translucent gate.
 22130 | Gauntlet | Found a large runed translucent door.
 22130 | Gauntlet | Found a large runed translucent door.
 22131 | Gauntlet | Found a large runed translucent door.
 22132 | Gauntlet | Found a large runed translucent door.
 22140 | Gauntlet | Found a transporter.
 22160 | Gauntlet | Found a transporter.
 22171 | Gauntlet | Found a large runed translucent door.
 22172 | Gauntlet | Found a large runed translucent door.
 22173 | Gauntlet | Found a large runed translucent door.
 22173 | Gauntlet | Found a large runed translucent door.
 22174 | Gauntlet | Found a runed translucent door.
 22175 | Gauntlet | Found a transporter.
 22176 | Gauntlet | Found a runed translucent door.
 22177 | Gauntlet | Found a large runed translucent door.
 22177 | Gauntlet | Found a large runed translucent door.
 22177 | Gauntlet | Found a transporter.
 22178 | Gauntlet | Found a large runed translucent door.
 22179 | Gauntlet | Found a large runed translucent door.
 22205 | Gauntlet | Found a transporter.
 22207 | Gauntlet | Found a transporter.
 22309 | Gauntlet | Found a transporter.
 22311 | Gauntlet | Found a transporter.
 22432 | Gauntlet | Found a transporter.
 22744 | Gauntlet | Got a bound golden ring
 22751 | Gauntlet | Identified the ring of Ykhuecet {rN+ Stlth-} (You found it
                  | in a Gauntlet)
 22762 | Gauntlet | Identified the amulet "Plog" {Harm *Drain rN+ MR++}
 22912 | D:13     | Received a gift from Trog
 23527 | D:14     | Received a gift from Trog
 23600 | D:14     | Reached ****** piety under Trog
 23664 | D:14     | Noticed Frances
 23678 | D:14     | Killed Frances
 23678 | D:14     | Reached skill level 6 in Armour
 23678 | D:14     | Reached skill level 6 in Dodging
 23680 | D:14     | Reached skill level 9 in Evocations
 23869 | D:14     | Found Asiskoh's Magic Scroll Shop.
 24162 | D:14     | Found a gate to the Vaults.
 24209 | D:15     | Entered Level 15 of the Dungeon
 24525 | D:15     | Reached XP level 16. HP: 134/134 MP: 22/22
 24670 | D:15     | Got a heavily runed ring mail
 24728 | D:15     | Identified the +1 ring mail of Xeadd {rN+ Int+2} (You found
                  | it on level 15 of the Dungeon)
 24742 | D:15     | Received a gift from Trog
 25133 | D:15     | Found a staircase to the Depths.
 25266 | D:15     | Got a bloodstained leather armour
 25331 | D:15     | Reached skill level 7 in Armour
 25670 | D:15     | Reached skill level 7 in Dodging
 25889 | D:10     | Bought an uncursed ring of flight for 192 gold pieces
 25977 | Shoals:1 | Entered Level 1 of the Shoals
 26157 | Shoals:1 | HP: 31/134 [drowned by a water elemental (5)]
 26159 | Shoals:1 | Reached skill level 10 in Evocations
 26504 | Shoals:1 | Reached skill level 18 in Axes
 26538 | Shoals:1 | Received a gift from Trog
 27652 | Shoals:2 | Noticed a kraken
 27652 | Shoals:2 | Noticed a kraken
 27669 | Shoals:2 | Noticed a kraken
 27964 | Shoals:2 | Noticed a kraken
 28208 | Shoals:2 | Noticed a kraken
 28224 | Shoals:2 | Killed a kraken
 28526 | Shoals:3 | Reached skill level 11 in Evocations
 28831 | Shoals:3 | Reached XP level 17. HP: 100/140 MP: 25/25
 29066 | Shoals:3 | Received a gift from Trog
 29491 | Snake:1  | Entered Level 1 of the Snake Pit
 29735 | Snake:1  | Reached skill level 19 in Axes
 30419 | Snake:1  | Noticed Nikola
 30425 | Snake:1  | Killed Nikola
 30425 | Snake:1  | Reached skill level 12 in Evocations
 30433 | Snake:1  | Noticed Azrael
 30433 | Snake:1  | You fall through a shaft!
 30453 | Snake:2  | HP: 51/210 [poisoned by a black mamba]
 30456 | Snake:2  | Received a gift from Trog
 30458 | Snake:2  | HP: 44/210 [poisoned by a black mamba]
 30461 | Snake:2  | HP: 18/140 [salamander/+0 spear (7)]
 30461 | Snake:2  | HP: 3/140 [salamander/+0 spear (15)]
 30466 | Snake:2  | HP: 31/140 [salamander mystic/bolt of magma (23)]
 31943 | Snake:1  | Killed Azrael
 31946 | Snake:1  | Reached skill level 20 in Axes
 32713 | Snake:3  | Received a gift from Trog
 33409 | Snake:3  | Reached XP level 18. HP: 149/149 MP: 27/27
 33625 | Snake:4  | Entered Level 4 of the Snake Pit
 34513 | Snake:4  | Received a gift from Trog
 34793 | Snake:4  | Reached skill level 11 in Fighting
 34839 | Snake:4  | Reached skill level 8 in Armour
 34844 | Snake:4  | Reached skill level 8 in Dodging
 35772 | Snake:4  | Got a serpentine rune of Zot
 36016 | Shoals:4 | Entered Level 4 of the Shoals
 36022 | Shoals:4 | Received a gift from Trog
 36545 | Shoals:4 | Received a gift from Trog
 36613 | Shoals:4 | Reached skill level 13 in Evocations
 37002 | Shoals:4 | Received a gift from Trog
 37102 | Shoals:4 | Found Yxtithri's Antique Weapon Shoppe.
 37226 | Shoals:4 | Got a distressingly furry leather armour
 37752 | Shoals:4 | Got a barnacled rune of Zot
 38229 | Vaults:1 | Entered Level 1 of the Vaults
 38586 | Vaults:1 | Reached skill level 12 in Fighting
 38586 | Vaults:1 | Reached XP level 19. HP: 160/160 MP: 29/29
 38634 | Vaults:1 | Reached skill level 9 in Armour
 38745 | Vaults:1 | Received a gift from Trog
 38749 | Vaults:1 | Reached skill level 9 in Dodging
 39783 | Vaults:1 | Received a gift from Trog
 40028 | Vaults:1 | Received a gift from Trog
 40994 | Vaults:2 | Reached skill level 14 in Evocations
 41297 | Vaults:2 | Reached skill level 13 in Fighting
 41410 | Vaults:2 | Paralysed by a great orb of eyes for 7 turns
 41466 | Vaults:2 | Reached skill level 10 in Armour
 41471 | Vaults:2 | Received a gift from Trog
 41475 | Vaults:2 | Reached skill level 10 in Dodging
 41505 | Vaults:2 | HP: 34/163 [ironheart preserver/+3 great mace (20)]
 41512 | Vaults:2 | HP: 23/163 [two-headed ogre/cursed +0 giant spiked club[an
                  | ironheart preserver] (18)]
 41515 | Vaults:2 | Received a gift from Trog
 41899 | Vaults:2 | Reached XP level 20. HP: 171/171 MP: 30/30
 42108 | Vaults:2 | Received a gift from Trog
 42498 | Vaults:3 | Received a gift from Trog
 42809 | Vaults:3 | Noticed Frederick
 42820 | Vaults:3 | Killed Frederick
 43408 | Vaults:3 | Reached skill level 14 in Fighting
 43454 | Vaults:3 | Received a gift from Trog
 43571 | Vaults:3 | Found a staircase to the Crypt.
 43772 | Vaults:3 | Reached skill level 15 in Evocations
 44298 | Vaults:4 | Found a magical portal.
 44307 | WizLab   | Entered Wucad Mu's Monastery
 44407 | Vaults:4 | Reached skill level 11 in Armour
 44413 | Vaults:4 | Reached skill level 11 in Dodging
 44758 | Vaults:4 | Received a gift from Trog
 45083 | Vaults:4 | Found Ykaschef's Weapon Boutique.
 45190 | Vaults:4 | Received a gift from Trog
 45211 | Vaults:4 | Reached XP level 21. HP: 182/182 MP: 32/32
 45253 | Vaults:4 | HP: 21/182 [vault warden/+0 bardiche (41)]
 45258 | Vaults:4 | HP: 43/182 [poisoned by a vault guard]
 45263 | Vaults:4 | HP: 37/182 [poisoned by a vault guard]
 46588 | Vaults:4 | Reached skill level 15 in Fighting
 47069 | Elf:1    | Entered Level 1 of the Elven Halls
 47081 | Elf:1    | Received a gift from Trog
 47186 | Elf:1    | Received a gift from Trog
 47325 | Elf:1    | Received a gift from Trog
 47681 | Elf:1    | Found Uxomech's Gadget Emporium.
 47706 | Elf:1    | Received a gift from Trog
 48234 | Elf:1    | Received a gift from Trog
 48465 | Elf:2    | Reached skill level 12 in Armour
 48495 | Elf:2    | Found a deep blue altar of Sif Muna.
 48496 | Elf:2    | Found Adizun's Distillery.
 48530 | Elf:2    | Reached skill level 12 in Dodging
 48574 | Elf:2    | Bought a potion of might for 60 gold pieces
 48683 | Elf:2    | Found a runed translucent door.
 48705 | Elf:2    | Found a runed translucent door.
 48921 | Elf:3    | Entered Level 3 of the Elven Halls
 49273 | Elf:3    | Found a large runed translucent door.
 49274 | Elf:3    | Found a large runed translucent door.
 49274 | Elf:3    | Noticed Avack's ghost (veteran KoWz)
 49372 | Elf:3    | HP: 33/185 [deep elf annihilator/poison arrow (33)]
 49375 | Elf:3    | Cast into level 3 of the Abyss (a deep elf sorcerer)
 49377 | Abyss:3  | HP: 44/185 [poisoned by a deep elf annihilator (poison
                  | arrow)]
 49387 | Abyss:4  | HP: 45/185 [tentacled starspawn (11)]
 49422 | Abyss:4  | Received a gift from Trog
 49513 | Abyss:4  | Found a corrupted altar of Lugonu.
 49522 | Elf:3    | Escaped the Abyss
 49522 | Elf:3    | HP: 27/185 [deep elf sorcerer/bolt of acid[a deep elf high
                  | priest] (36)]
 49522 | Elf:3    | HP: 11/185 [acid[a deep elf high priest] (16)]
 49522 | Elf:3    | Killed from afar by a deep elf annihilator

Levels and vault maps discovered:
D:1:      minmay_arrival_arboretum_small, layout_loops_cross
D:2:      layout_basic, nicolae_gozag_seed_capital, first_ration
D:3:      layout_loops_cross, lemuel_doored_altar, bh_chokoban,
          kennysheep_generic_room_10, uniq_natasha
D:4:      layout_basic, minmay_temple_entry_ruins
D:5:      layout_basic, overflow_temple_1_default
D:6:      layout_basic, nemelex_xobeh_ov_fountains_minmay,
          dancing_weapons_uskayaw, uniq_edmund, uniq_eustachio, uniq_sigmund
D:7:      layout_rooms, vehumet_crystals, basic_altar
D:8:      layout_cave_pods, erik_lair_island, uniq_erica
D:9:      layout_rooms, orc_0_dummy
D:10:     layout_roguey, serial_shops, shop_fountains, blue_anna_alchemist
          [blue_anna_fruit_fields, blue_anna_fruit_fields]
D:11:     layout_rooms, enter_bailey_2, basic_altar,
          ebering_ghost_disaster_area, uniq_josephine, uniq_erolcha
D:12:     minmay_general_purpose_star, layout_basic,
          minmay_misc_feat_four_crosses, kennysheep_generic_room_8
D:13:     layout_gridville, portal_ice_cave_entry_pillars_1,
          gauntlet_entry_generic
D:14:     layout_rooms, ximxim_vaults_locker_room, serial_park_gazebo
          [serial_park_minivault_5x5_2], serial_shops, nicolae_shop_trees,
          minmay_misc_feat_ornament, kennysheep_small_circle, uniq_frances
D:15:     grunt_enter_depths_magical_seal, layout_stronghold,
          hangedman_decor_points, nicolae_benzene_ring, minmay_misc_feat_room,
          moated_statue, minmay_hollow_rounded_squares
Lair:1:   layout_layer_cave, eino_small_chamber_without_monster,
          grunt_megastairs_4
Lair:2:   layout_long_grid, minmay_shoals_entry_hut, grunt_megastairs_2
Lair:3:   layout_hall_layers, guppyfry_snake_entry_island,
          nicolae_quartered_pool_little
Lair:4:   beast_lair_carwin_large_3, layout_loops_ring
Lair:5:   dpeg_oklob_gauntlet, layout_loops_ring, beast_lair_carwin_8,
          uniq_nessos, uniq_kirke, uniq_snorg
Lair:6:   minmay_lair_end_frog_pond, layout_layer_cave, slime_altar_1,
          basic_altar, serial_bayou_shore_b
Shoals:1: layout_shoals
Shoals:2: layout_shoals, nicolae_shoals_kraken_party
Shoals:3: layout_shoals
Shoals:4: shoals_end_simple, layout_shoals, serial_shops, nicolae_shop_stone,
          nicolae_shoals_stone_sculpture_thing, abandoned_shop
Snake:1:  layout_rooms, uniq_nikola, uniq_azrael
Snake:2:  layout_cave_shapes, grunt_megastairs_1
Snake:3:  layout_onion_interference
Snake:4:  snake_pit, layout_misc_corridors
Orc:1:    layout_caves
Orc:2:    st_orc_pillars, layout_caves, serial_shops, nicolae_shop_stone,
          rock_pile, uniq_sonja
Elf:1:    elf_arrival_001, layout_loops_corners, serial_shops,
          nicolae_shop_statue_plus, kennysheep_underground_church,
          columned_hall_lemuel
Elf:2:    layout_geoelf_octagon, basic_altar, serial_shops, shop_fountains
Elf:3:    minmay_elf_hall_curves, layout_gridlike, ebering_ghost_disaster_area
Vaults:1: nicolae_vaults_halls_meeting, vaults_dpeg_encased_lava,
          nicolae_vaults_gold_heap, ontoclasm_vaults_chip,
          hangedman_vaults_impose, vaults_mumra_hex,
          ontoclasm_vaults_ring_square, dpeg_vaults_monster_box,
          ontoclasm_vaults_chip, ontoclasm_vaults_hangar,
          vaults_standard_mumra_lines, layout_vaults_omnigrid
Vaults:2: v_rooms_5, nicolae_vaults_alarming, nicolae_vaults_network_periphery,
          hangedman_vaults_snaps, dpeg_vaults_monster_row, st_lines,
          nicolae_vaults_little_squares_3, hangedman_vaults_nails,
          vaults_room_grid, ontoclasm_vaults_loading_screen,
          layout_vaults_omnicross
Vaults:3: minmay_crypt_entry_simple_corners, v_pattern_3,
          nicolae_vaults_little_ls, hangedman_vaults_stagger,
          vaults_mumra_chevron_long, grunt_vaults_focal,
          nicolae_vaults_quartermaster, hangedman_vaults_locks,
          nicolae_vaults_what_the_h, v_misc_3, vaults_room_corners,
          nicolae_vaults_theta, ontoclasm_vaults_ligature,
          nicolae_vaults_little_squares_3, layout_vaults_ring, uniq_frederick
Vaults:4: vaults_standard_mumra_enter_the_diamond, vaults_dpeg_hooks,
          nicolae_vaults_stairing_the_circle, vaults_room_grid, v_misc_27,
          grunt_vaults_bifocal, nicolae_vaults_shelves_hall,
          nicolae_vaults_yaktaur_gun_rack, v_alt_pattern_3,
          hangedman_vaults_restitches, layout_vaults_chaotic_city, serial_shops,
          shop, mu_enter_wizlab_4

Skill      XL: |  1  2  3  4  5  6  7  8  9 10 11 12 13 14 15 16 17 18 19 20 21 |
---------------+----------------------------------------------------------------+-----
Axes           | 3 4 5 6 7 9 10 12 14 16 17 18 20 | 20.0
Fighting       | 4 5 7 10 12 13 14 15 | 15.6
Slings         | 1 2 3 |  3.0
Shields        | 1 2 |  2.0
Evocations     | 2 3 5 6 8 9 11 12 13 14 15 | 15.0
Bows           | 1 4 6 9 11 14 | 14.3
Armour         | 2 3 5 6 7 8 10 11 12 | 12.1
Dodging        | 4 5 6 7 8 10 11 12 | 12.0

Action                   |  1- 3 |  4- 6 |  7- 9 | 10-12 | 13-15 | 16-18 | 19-21 || total
-------------------------+-------+-------+-------+-------+-------+-------+-------++-------
Melee: Hand axe          |    78 |    88 |       |       |       |       |       ||   166
       Kick              |    15 |    35 |    86 |   143 |   337 |   400 |   437 ||  1453
       War axe           |       |    58 |   318 |   148 |       |       |       ||   524
       Battleaxe         |       |       |       |   238 |   886 |  1130 |  1100 ||  3354
 Fire: Hunting sling     |    14 |    26 |    17 |       |       |       |       ||    57
       Longbow           |       |       |       |       |     1 |       |       ||     1
Invok: Berserk           |     5 |     6 |     8 |     9 |    20 |    10 |    13 ||    71
       Trog's Hand       |       |       |       |     3 |     6 |     5 |    14 ||    28
       Brothers in Arms  |       |       |       |     1 |     1 |     2 |     4 ||     8
 Abil: Evoke Invisibilit |       |       |       |     1 |     1 |    11 |     2 ||    15
       Evoke Flight      |       |       |       |       |       |    18 |       ||    18
Evoke: Wand              |       |       |     7 |     5 |    27 |    15 |       ||    54
       Phial of floods   |       |       |       |       |     1 |     1 |       ||     2
       Lamp of fire      |       |       |       |       |     1 |       |       ||     1
       Lightning rod     |       |       |       |       |       |     3 |       ||     3
  Use: Scroll            |       |       |    20 |    11 |    19 |     6 |    16 ||    72
       Potion            |       |       |     2 |       |       |     9 |     9 ||    20
 Stab: Paralysed         |       |       |       |    11 |     3 |     1 |       ||    15
       Invisible         |       |       |       |     3 |     2 |    39 |     3 ||    47
       Distracted        |       |       |       |       |       |     1 |     1 ||     2
       Held in net/web   |       |       |       |       |       |     1 |       ||     1
  Eat: Chunk             |     5 |    10 |    16 |    22 |    39 |    37 |    41 ||   170
       Ration            |       |     1 |       |     1 |     5 |     7 |     2 ||    16
Armor: Animal skin       |     4 |       |       |       |       |       |       ||     4
       Leather armour    |     4 |       |       |       |       |       |       ||     4
       Scale mail        |    28 |    67 |    69 |       |       |       |       ||   164
       Chain mail        |       |       |   133 |   304 |   399 |   581 |   510 ||  1927
Dodge: Dodged            |    40 |    24 |    36 |   115 |   300 |   549 |   465 ||  1529
Block: Large shield      |       |    77 |   247 |   120 |       |       |       ||   444
       Other             |       |       |       |    78 |   149 |   236 |   159 ||   622
       Reflection        |       |       |       |    25 |    10 |    30 |    11 ||    76

Table legend:
 A = Non-vault XP
 B = Vault XP
 C = Vault XP percentage of total XP
 D = Non-vault monster count
 E = Vault monster count
 F = Vault count percentage of total count
                 A         B        C        D         E       F
            +---------+---------+-------+---------+---------+-------
      Total |  404254 |  264454 |  39.5 |    1113 |     493 |  30.7
            +---------+---------+-------+---------+---------+-------
        D:1 |      20 |       0 |   0.0 |      10 |       0 |   0.0
        D:2 |     109 |       0 |   0.0 |      32 |       0 |   0.0
        D:3 |     225 |      39 |  14.8 |      22 |       3 |  12.0
        D:4 |     192 |       0 |   0.0 |      10 |       0 |   0.0
        D:5 |     647 |       0 |   0.0 |      29 |       0 |   0.0
        D:6 |     459 |     216 |  32.0 |      14 |       3 |  17.6
        D:7 |    1372 |       0 |   0.0 |      36 |       0 |   0.0
        D:8 |    1760 |    1658 |  48.5 |      33 |       9 |  21.4
        D:9 |    1952 |       0 |   0.0 |      26 |       0 |   0.0
       D:10 |     561 |      95 |  14.5 |       7 |       1 |  12.5
       D:11 |    4594 |    2761 |  37.5 |      32 |       6 |  15.8
       D:12 |    5314 |     135 |   2.5 |      32 |       4 |  11.1
       D:13 |    5566 |       0 |   0.0 |      26 |       0 |   0.0
       D:14 |   11716 |    7320 |  38.5 |      35 |      15 |  30.0
       D:15 |    9896 |   14619 |  59.6 |      32 |      23 |  41.8
     Lair:1 |    4387 |     199 |   4.3 |      16 |       1 |   5.9
     Lair:2 |    5365 |     360 |   6.3 |      14 |       2 |  12.5
     Lair:3 |    5069 |       0 |   0.0 |      20 |       0 |   0.0
     Lair:4 |    4391 |    5098 |  53.7 |      13 |      11 |  45.8
     Lair:5 |    6261 |   14077 |  69.2 |      19 |      17 |  47.2
     Lair:6 |   21816 |   13994 |  39.1 |      60 |      52 |  46.4
   Shoals:1 |   13033 |       0 |   0.0 |      30 |       0 |   0.0
   Shoals:2 |   16158 |       0 |   0.0 |      27 |       0 |   0.0
   Shoals:3 |   20407 |       0 |   0.0 |      33 |       0 |   0.0
   Shoals:4 |   16063 |   23945 |  59.9 |      32 |      36 |  52.9
    Snake:1 |   17772 |    5806 |  24.6 |      37 |       9 |  19.6
    Snake:2 |   21863 |    2981 |  12.0 |      38 |       4 |   9.5
    Snake:3 |   18366 |       0 |   0.0 |      34 |       0 |   0.0
    Snake:4 |   10963 |   31861 |  74.4 |      29 |      48 |  62.3
      Orc:1 |    1578 |       0 |   0.0 |       8 |       0 |   0.0
      Orc:2 |    2839 |   12764 |  81.8 |      34 |      73 |  68.2
      Elf:1 |   22703 |    5561 |  19.7 |      34 |       9 |  20.9
      Elf:2 |   10855 |    3598 |  24.9 |      19 |       4 |  17.4
      Elf:3 |    9778 |       0 |   0.0 |      14 |       0 |   0.0
   Vaults:1 |   24433 |   27885 |  53.3 |      47 |      39 |  45.3
   Vaults:2 |   40284 |   21834 |  35.1 |      73 |      28 |  27.7
   Vaults:3 |   25322 |   45585 |  64.3 |      47 |      47 |  50.0
   Vaults:4 |   37745 |   17760 |  32.0 |      56 |      23 |  29.1
    Abyss:4 |    2420 |       0 |   0.0 |       3 |       0 |   0.0
     Bailey |       0 |     579 | 100.0 |       0 |      19 | 100.0
   Gauntlet |       0 |    3724 | 100.0 |       0 |       7 | 100.0
            +---------+---------+-------+---------+---------+-------

Levels and vault maps discovered:
D:1:      minmay_arrival_arboretum_small, layout_loops_cross
D:2:      layout_basic, nicolae_gozag_seed_capital, first_ration
D:3:      layout_loops_cross, lemuel_doored_altar, bh_chokoban,
          kennysheep_generic_room_10, uniq_natasha
D:4:      layout_basic, minmay_temple_entry_ruins
D:5:      layout_basic, overflow_temple_1_default
D:6:      layout_basic, nemelex_xobeh_ov_fountains_minmay,
          dancing_weapons_uskayaw, uniq_edmund, uniq_eustachio, uniq_sigmund
D:7:      layout_rooms, vehumet_crystals, basic_altar
D:8:      layout_cave_pods, erik_lair_island, uniq_erica
D:9:      layout_rooms, orc_0_dummy
D:10:     layout_roguey, serial_shops, shop_fountains, blue_anna_alchemist
          [blue_anna_fruit_fields, blue_anna_fruit_fields]
D:11:     layout_rooms, enter_bailey_2, basic_altar,
          ebering_ghost_disaster_area, uniq_josephine, uniq_erolcha
D:12:     minmay_general_purpose_star, layout_basic,
          minmay_misc_feat_four_crosses, kennysheep_generic_room_8
D:13:     layout_gridville, portal_ice_cave_entry_pillars_1,
          gauntlet_entry_generic
D:14:     layout_rooms, ximxim_vaults_locker_room, serial_park_gazebo
          [serial_park_minivault_5x5_2], serial_shops, nicolae_shop_trees,
          minmay_misc_feat_ornament, kennysheep_small_circle, uniq_frances
D:15:     grunt_enter_depths_magical_seal, layout_stronghold,
          hangedman_decor_points, nicolae_benzene_ring, minmay_misc_feat_room,
          moated_statue, minmay_hollow_rounded_squares
Lair:1:   layout_layer_cave, eino_small_chamber_without_monster,
          grunt_megastairs_4
Lair:2:   layout_long_grid, minmay_shoals_entry_hut, grunt_megastairs_2
Lair:3:   layout_hall_layers, guppyfry_snake_entry_island,
          nicolae_quartered_pool_little
Lair:4:   beast_lair_carwin_large_3, layout_loops_ring
Lair:5:   dpeg_oklob_gauntlet, layout_loops_ring, beast_lair_carwin_8,
          uniq_nessos, uniq_kirke, uniq_snorg
Lair:6:   minmay_lair_end_frog_pond, layout_layer_cave, slime_altar_1,
          basic_altar, serial_bayou_shore_b
Shoals:1: layout_shoals
Shoals:2: layout_shoals, nicolae_shoals_kraken_party
Shoals:3: layout_shoals
Shoals:4: shoals_end_simple, layout_shoals, serial_shops, nicolae_shop_stone,
          nicolae_shoals_stone_sculpture_thing, abandoned_shop
Snake:1:  layout_rooms, uniq_nikola, uniq_azrael
Snake:2:  layout_cave_shapes, grunt_megastairs_1
Snake:3:  layout_onion_interference
Snake:4:  snake_pit, layout_misc_corridors
Orc:1:    layout_caves
Orc:2:    st_orc_pillars, layout_caves, serial_shops, nicolae_shop_stone,
          rock_pile, uniq_sonja
Elf:1:    elf_arrival_001, layout_loops_corners, serial_shops,
          nicolae_shop_statue_plus, kennysheep_underground_church,
          columned_hall_lemuel
Elf:2:    layout_geoelf_octagon, basic_altar, serial_shops, shop_fountains
Elf:3:    minmay_elf_hall_curves, layout_gridlike, ebering_ghost_disaster_area
Vaults:1: nicolae_vaults_halls_meeting, vaults_dpeg_encased_lava,
          nicolae_vaults_gold_heap, ontoclasm_vaults_chip,
          hangedman_vaults_impose, vaults_mumra_hex,
          ontoclasm_vaults_ring_square, dpeg_vaults_monster_box,
          ontoclasm_vaults_chip, ontoclasm_vaults_hangar,
          vaults_standard_mumra_lines, layout_vaults_omnigrid
Vaults:2: v_rooms_5, nicolae_vaults_alarming, nicolae_vaults_network_periphery,
          hangedman_vaults_snaps, dpeg_vaults_monster_row, st_lines,
          nicolae_vaults_little_squares_3, hangedman_vaults_nails,
          vaults_room_grid, ontoclasm_vaults_loading_screen,
          layout_vaults_omnicross
Vaults:3: minmay_crypt_entry_simple_corners, v_pattern_3,
          nicolae_vaults_little_ls, hangedman_vaults_stagger,
          vaults_mumra_chevron_long, grunt_vaults_focal,
          nicolae_vaults_quartermaster, hangedman_vaults_locks,
          nicolae_vaults_what_the_h, v_misc_3, vaults_room_corners,
          nicolae_vaults_theta, ontoclasm_vaults_ligature,
          nicolae_vaults_little_squares_3, layout_vaults_ring, uniq_frederick
Vaults:4: vaults_standard_mumra_enter_the_diamond, vaults_dpeg_hooks,
          nicolae_vaults_stairing_the_circle, vaults_room_grid, v_misc_27,
          grunt_vaults_bifocal, nicolae_vaults_shelves_hall,
          nicolae_vaults_yaktaur_gun_rack, v_alt_pattern_3,
          hangedman_vaults_restitches, layout_vaults_chaotic_city, serial_shops,
          shop, mu_enter_wizlab_4

Table legend:
 A = Turns spent in this place as a percentage of turns spent in the entire game.
 B = Non-inter-level travel turns spent in this place as a percentage of non-inter-level travel turns spent in the entire game.
 C = Inter-level travel turns spent in this place as a percentage of turns spent in this place.
 D = Turns resting spent in this place as a percentage of non-inter-level travel turns spent in this place.
 E = Turns spent auto-exploring this place as a percentage of non-inter-level travel turns spent in this place.
 F = Non-inter-level travel turns spent in this place divided by the number of levels of this place that you've seen.
                   A       B       C       D       E      F
               +-------+-------+-------+-------+-------+----------------------
         Total | 100.0 | 100.0 |   6.0 |  27.1 |  51.8 | 1083.0
       Dungeon |  29.8 |  28.3 |  11.0 |  18.4 |  60.2 | 877.1
          Lair |  18.4 |  18.8 |   3.8 |  30.6 |  53.7 | 1460.3
        Shoals |  10.3 |  10.5 |   4.5 |  25.9 |  54.8 | 1221.2
     Snake Pit |  13.0 |  13.4 |   3.1 |  41.8 |  37.5 | 1562.8
  Orcish Mines |   4.0 |   4.0 |   5.3 |  21.8 |  50.6 | 937.0
   Elven Halls |   4.7 |   4.8 |   3.8 |   4.6 |  69.4 | 739.3
        Vaults |  17.4 |  17.8 |   4.2 |  34.4 |  44.1 | 2067.0
         Abyss |   0.3 |   0.3 |   0.0 |  77.6 |   0.0 |  73.5
        Bailey |   0.4 |   0.4 |   0.0 |  28.7 |   0.0 | 174.0
        Wizlab |   0.1 |   0.2 |   0.0 |   0.0 |  44.6 |  74.0
      Gauntlet |   1.5 |   1.6 |   0.0 |  18.1 |  40.3 | 761.0
               +-------+-------+-------+-------+-------+----------------------

Table legend:
 A = Kills in this place as a percentage of kills in entire the game.
 B = Kills by you in this place as a percentage of kills by you in the entire game.
 C = Kills by friends in this place as a percentage of kills by friends in the entire game.
 D = Other kills in this place as a percentage of other kills in the entire game.
 E = Experience gained in this place as a percentage of experience gained in the entire game.
 F = Experience gained in this place divided by the number of levels of this place that you have seen.
                   A       B       C       D       E      F
               +-------+-------+-------+-------+-------+----------------------
         Total | 100.0 | 100.0 | 100.0 | 100.0 | 100.0 | 15551.3
       Dungeon |  27.4 |  27.5 |  25.5 |  25.0 |  10.7 | 4748.4
          Lair |  14.0 |  14.4 |   4.3 |   0.0 |  12.1 | 13502.8
        Shoals |   9.8 |  10.0 |   0.0 |  37.5 |  13.4 | 22401.5
     Snake Pit |  12.4 |  12.0 |  27.7 |   0.0 |  16.4 | 27403.0
  Orcish Mines |   7.2 |   7.4 |   0.0 |   0.0 |   2.6 | 8590.5
   Elven Halls |   5.0 |   5.2 |   0.0 |   0.0 |   7.9 | 17498.3
        Vaults |  22.4 |  22.0 |  40.4 |   0.0 |  36.0 | 60212.0
         Abyss |   0.2 |   0.1 |   2.1 |   0.0 |   0.4 | 1210.0
        Bailey |   1.2 |   1.0 |   0.0 |  37.5 |   0.1 | 579.0
      Gauntlet |   0.4 |   0.5 |   0.0 |   0.0 |   0.6 | 3724.0
               +-------+-------+-------+-------+-------+----------------------
